 Dungeon Crawl Stone Soup version 0.29.0-4-gdea44cf6ec (webtiles) character file.

Game seed: 10115036060886815416

315 qw the Chopper (level 6, 0/35 HPs)
             Began as a Tengu Warper on Aug 28, 2022.
             Slain by an iguana (6 damage)
             ... on level 4 of the Dungeon.
             The game lasted 00:00:37 (4710 turns).

qw the Chopper (Tengu Warper)                       Turns: 4710, Time: 00:00:38

Health: 0/35       AC:  6    Str: 13    XL:     6   Next: 44%
Magic:  10/10      EV: 12    Int: 13    God:
Gold:   356        SH:  4    Dex: 14    Spells: 9/9 levels left

rFire   . . .      SeeInvis .   Y - +0 hand axe
rCold   . . .      Faith    .   o - +0 buckler
rNeg    + . .      Spirit   .   h - +0 ring mail
rPois   .          Reflect  .   (helmet restricted)
rElec   .          Harm     .   (no cloak)
rCorr   .          Rampage  .   m - +0 pair of gloves
Will    +....                   (boots unavailable)
Stlth   +.........              (no amulet)
HPRegen 0.11/turn               i - ring of positive energy
MPRegen 0.12/turn               n - ring of Urghao {Will+ Slay+3}

@: about to teleport, flying quickly and evasively, quick
A: beak, talons 3, nimble flight
a: no special abilities


You were on level 4 of the Dungeon.
You visited 1 branch of the dungeon, and saw 4 of its levels.

You collected 356 gold pieces.


Innate Abilities, Weirdness & Mutations

You have a beak for a mouth.
You have claws for feet.
Your magical nature lets you fly swiftly and evasively.


   Skills:
 + Level 2.0 Fighting
 - Level 7.1 Axes
 - Level 1.0 Throwing
 - Level 1.1 Armour
 - Level 2.1 Dodging
 - Level 1.0 Shields
 - Level 2.0 Spellcasting
 - Level 2.4 Translocations


You had 9 spell levels left.
You didn't know any spells.
Your spell library contained the following spells:

 Spells                   Type           Power      Damage    Failure   Level
 Blink                    Tloc           14%        N/A       38%         2
 Gell's Gravitas          Tloc           7%         N/A       63%         3
 Lesser Beckoning         Tloc           7%         N/A       63%         3
 Teleport Other           Tloc           7%         N/A       63%         3
 Manifold Assault         Tloc           7%         N/A       100%        5

Inventory:

Hand Weapons
 j - a +0 flail
 Y - a +0 hand axe (weapon)
Armour
 h - a +0 ring mail (worn)
 m - a +0 pair of gloves (worn)
 o - a +0 buckler (worn)
Jewellery
 d - an amulet of magic regeneration
 i - a ring of positive energy (left hand)
 n - the ring of Urghao (right hand) {Will+ Slay+3}
   (You found it on level 2 of the Dungeon)

   [ring of willpower]

   Slay:      It affects your accuracy & damage with ranged weapons and melee
   (+3).
   Will:      It increases your willpower.
Scrolls
 a - 5 scrolls of teleportation
 c - 2 scrolls of identify
Potions
 b - 2 potions of heal wounds
 f - a potion of haste
 k - a potion of might
 l - 4 potions of curing

Dungeon Overview and Level Annotations

Branches:
Dungeon (4/15)
 Temple: D:4-7

Altars:
Makhleb
Ru

Shops:
D:1 [

Annotations:
D:4 Blork the orc


Message History

The worm is heavily wounded.
You hit the worm.
The worm is almost dead.
The worm bites you but does no damage.
You barely miss the worm.
The worm is severely wounded.
You hit the worm. You claw the worm.
You kill the worm!
You start resting.
HP restored.
You now have 356 gold pieces (gained 11).
Found a stone staircase leading up.
Enter note:
Found a stone staircase leading down.
Blork the orc and an iguana come into view.
Blork the orc shouts!
The iguana hisses angrily.
Blork the orc mumbles some strange words.
Blork the orc seems to speed up.
You hit Blork the orc. You claw Blork the orc! Your peck misses Blork the orc.
Blork the orc is moderately wounded.
Blork the orc hits you with a +0 mace. Blork the orc hits you with a +0 mace!
You hit Blork the orc. Your kick misses Blork the orc. You peck Blork the orc.
Blork the orc is severely wounded.
Blork the orc hits you with a +0 mace!
You hit Blork the orc. Your kick misses Blork the orc.
Blork the orc is almost dead.
You hit the iguana. You block Blork the orc's attack.
The iguana closely misses you. Blork the orc barely misses you.
You closely miss Blork the orc. You claw Blork the orc.
Blork the orc is almost dead.
You hit the iguana. Blork the orc closely misses you. The iguana bites you.
4710 ||| READING 6 scrolls of teleportation.
As you read the scroll of teleportation, it crumbles to dust.
You feel strangely unstable.
Blork the orc frowns.
Blork the orc points at you and mumbles some strange words.
The magic dart hits you. The iguana bites you.
You die...

#......
.......
.......
....... ####
..>.... ...
#..#..##l###.#
#...<..@o....#
#..##..#######
#......#
#..###.#
#..###.#####
#..........#
#.####.###.#
#.# #.#.# #.#
#...#


You could see Blork the orc (fast) and an iguana.

Vanquished Creatures
  A black bear (D:4)
  8 gnolls
  A worm (D:4)
  An orc (D:3)
  4 endoplasms
  12 giant cockroaches
  35 goblins
  34 hobgoblins
  A quokka (D:1)
  6 ball pythons
  3 bats (D:1)
  4 frilled lizards
  7 kobolds
  6 rats
123 creatures vanquished.

Vanquished Creatures (others)
  2 plants (D:1)
2 creatures vanquished.

Grand Total: 125 creatures vanquished

Notes
Turn   | Place    | Note
-------+----------+-------------------------------------------
     0 | D:1      | qw the Tengu Warper began the quest for the Orb.
     0 | D:1      | Reached XP level 1. HP: 12/12 MP: 4/4
     0 | D:1      | 0 ||| qw: Version: 0.1-a-89-g26bdef1
     0 | D:1      | 0 ||| qw: Game counter: 708
     0 | D:1      | 0 ||| qw: Always use a shield: true
     0 | D:1      | 0 ||| qw: God list: Okawaru
     0 | D:1      | 0 ||| qw: Allow faded altars: false
     0 | D:1      | 0 ||| qw: Do Orc after D:15 true
     0 | D:1      | 0 ||| qw: Do second Lair branch before Depths: true
     0 | D:1      | 0 ||| qw: Lair rune preference: random
     0 | D:1      | 0 ||| qw: Plans: Normal
     0 | D:1      | 0 ||| PLANNING D:1-11
   193 | D:1      | Found Sophih's Armour Shop.
   200 | D:1      | 200 ||| SHOPLISTING +0 pair of gloves (45 gold, have 17).
   200 | D:1      | 200 ||| SHOPLISTING +1 buckler "Nieps" {Str+3 Int+4} (312
                  | gold, have 17).
   210 | D:1      | Reached XP level 2. HP: 17/17 MP: 6/6
   240 | D:1      | Reached skill level 3 in Axes
   436 | D:1      | 436 ||| DROPPING +0 club.
   737 | D:1      | Found a faded altar of an unknown god.
   797 | D:1      | Reached XP level 3. HP: 21/21 MP: 7/7
   817 | D:1      | HP: 5/21 [gnoll/+0 flail (11)]
   820 | D:1      | Reached skill level 4 in Axes
  1037 | D:1      | 1037 ||| DROPPING +0 whip.
  1692 | D:1      | 1692 ||| UPGRADING to +0 ring mail.
  1702 | D:1      | 1702 ||| DROPPING +0 leather armour.
  1703 | D:1      | 1703 ||| READING scroll labelled BISTIW CAZAJENKE.
  1707 | D:1      | 1707 ||| READING scroll labelled CIUSKA SURUYRA.
  1708 | D:1      | 1708 ||| READING scroll labelled WIYJYS ZOUCLIJ.
  1709 | D:1      | 1709 ||| DRINKING 2 pink potions.
  1710 | D:1      | 1710 ||| DROPPING scroll of blinking.
  1933 | D:2      | 1933 ||| Stepping ~*~*~tactically~*~*~ (stealth).
  1934 | D:2      | 1934 ||| Stepping ~*~*~tactically~*~*~ (stealth).
  1948 | D:2      | 1948 ||| Stepping ~*~*~tactically~*~*~ (stealth).
  1967 | D:2      | 1967 ||| Stepping ~*~*~tactically~*~*~ (stealth).
  1969 | D:2      | 1969 ||| Stepping ~*~*~tactically~*~*~ (stealth).
  1983 | D:2      | Reached XP level 4. HP: 25/26 MP: 8/8
  2212 | D:2      | Identified the ring of Urghao {Will+ Slay+3}
  2278 | D:2      | You fall into a shaft and drop 1 floor!
  2288 | D:3      | 2288 ||| UPGRADING to +0 pair of gloves.
  2293 | D:3      | 2293 ||| UPGRADING to +0 buckler.
  2298 | D:3      | 2298 ||| UPGRADING to ring of positive energy.
  2299 | D:3      | 2299 ||| UPGRADING to ring of Urghao {Will+ Slay+3}.
  2300 | D:3      | 2300 ||| READING scroll labelled FETTINW VOLIH.
  2301 | D:3      | 2301 ||| READING scroll labelled CAHIORE XIRCHO.
  2302 | D:3      | 2302 ||| DRINKING 2 dark potions.
  2303 | D:3      | 2303 ||| DRINKING 3 viscous coppery potions.
  2304 | D:3      | 2304 ||| READING 4 scrolls of identify.
  2304 | D:3      | 2304 ||| IDENTIFYING murky puce potion
  2305 | D:3      | 2305 ||| READING 3 scrolls of identify.
  2305 | D:3      | 2305 ||| IDENTIFYING green potion
  2306 | D:3      | 2306 ||| READING 2 scrolls of identify.
  2306 | D:3      | 2306 ||| IDENTIFYING murky inky potion
  2307 | D:3      | 2307 ||| DROPPING potion of attraction.
  2308 | D:3      | 2308 ||| DROPPING potion of degeneration.
  2555 | D:3      | 2555 ||| Stepping ~*~*~tactically~*~*~ (hiding).
  2731 | D:3      | Reached skill level 1 in Shields
  2856 | D:3      | Found a burning altar of Makhleb.
  3159 | D:3      | Reached skill level 5 in Axes
  3391 | D:3      | 3391 ||| Stepping ~*~*~tactically~*~*~ (hiding).
  3397 | D:3      | Gained mutation: Your magical nature lets you fly swiftly
                  | and evasively. [Tengu growth]
  3397 | D:3      | Reached XP level 5. HP: 30/30 MP: 9/9
  3411 | D:3      | 3411 ||| Stepping ~*~*~tactically~*~*~ (hiding).
  3418 | D:3      | 3418 ||| FLEEEEING.
  3419 | D:3      | 3419 ||| FLEEEEING.
  3421 | D:3      | 3421 ||| FLEEEEING.
  3422 | D:3      | 3422 ||| FLEEEEING.
  3423 | D:3      | 3423 ||| FLEEEEING.
  3437 | D:3      | 3437 ||| FLEEEEING.
  3441 | D:3      | 3441 ||| FLEEEEING.
  3442 | D:3      | 3442 ||| FLEEEEING.
  3443 | D:3      | 3443 ||| FLEEEEING.
  3444 | D:3      | 3444 ||| FLEEEEING.
  3445 | D:3      | 3445 ||| FLEEEEING.
  3446 | D:3      | 3446 ||| FLEEEEING.
  3447 | D:3      | 3447 ||| FLEEEEING.
  3448 | D:3      | 3448 ||| FLEEEEING.
  3449 | D:3      | 3449 ||| FLEEEEING.
  3450 | D:3      | 3450 ||| FLEEEEING.
  3451 | D:3      | 3451 ||| FLEEEEING.
  3639 | D:3      | 3639 ||| Stepping ~*~*~tactically~*~*~ (hiding).
  3878 | D:3      | Reached skill level 6 in Axes
  3945 | D:3      | 3945 ||| Stepping ~*~*~tactically~*~*~ (stealth).
  3946 | D:3      | 3946 ||| Stepping ~*~*~tactically~*~*~ (stealth).
  3948 | D:3      | 3948 ||| Stepping ~*~*~tactically~*~*~ (stealth).
  3989 | D:3      | 3989 ||| FLEEEEING.
  3990 | D:3      | 3990 ||| FLEEEEING.
  3991 | D:3      | 3991 ||| FLEEEEING.
  3992 | D:3      | 3992 ||| FLEEEEING.
  3993 | D:3      | 3993 ||| FLEEEEING.
  3994 | D:3      | 3994 ||| FLEEEEING.
  3995 | D:3      | 3995 ||| FLEEEEING.
  3996 | D:3      | 3996 ||| FLEEEEING.
  3997 | D:3      | 3997 ||| FLEEEEING.
  3998 | D:3      | 3998 ||| FLEEEEING.
  4035 | D:3      | 4035 ||| Stepping ~*~*~tactically~*~*~ (stealth).
  4571 | D:3      | 4571 ||| READING scroll labelled IPHI JIMUMOC.
  4572 | D:3      | 4572 ||| DRINKING 2 silvery potions.
  4573 | D:3      | 4573 ||| DROPPING potion of brilliance.
  4574 | D:3      | 4574 ||| READING 7 scrolls of teleportation.
  4610 | D:4      | Found a sacrificial altar of Ru.
  4618 | D:4      | Noticed a black bear
  4622 | D:4      | Killed a black bear
  4623 | D:4      | Reached skill level 7 in Axes
  4623 | D:4      | Reached XP level 6. HP: 35/35 MP: 10/10
  4704 | D:4      | Noticed Blork the orc
  4709 | D:4      | HP: 8/35 [iguana (6)]
  4710 | D:4      | 4710 ||| READING 6 scrolls of teleportation.
  4710 | D:4      | Slain by an iguana

Levels and vault maps discovered:
D:1:      amcnicky_arrival_abandoned_market, layout_loops_corners, serial_shops,
          shop_statue, shapermc_ecumenical_altar_rom_forum,
          nicolae_concentric_dashed_squares_mild
D:2:      minmay_roachtagon, layout_loops_ring, minmay_tetromino_i2
D:3:      minmay_goblin_kobold_castle, layout_basic, lightli_temple_of_fire
D:4:      layout_basic, nicolae_ru_sacrificial_ziggurat,
          mainiacjoe_overflow_24_doors, serial_shops, nicolae_square_shop,
          dreamdust_mushroom_princess, uniq_duvessa, uniq_blork_the_orc,
          uniq_crazy_yiuf_cottage

Skill      XL: |  1  2  3  4  5 |
---------------+----------------+-----
Axes           | 3 4 5 7 |  7.1
Shields        | 1 |  1.0
Fighting       | |  2.0
Throwing       | |  1.0
Armour         | |  1.1
Dodging        | |  2.1
Spellcasting   | |  2.0
Translocations | |  2.4

Action                   |  1- 3 |  4- 6 || total
-------------------------+-------+-------++-------
Melee: Hand axe          |    82 |   155 ||   237
       Peck              |     9 |    23 ||    32
       Kick              |    20 |    33 ||    53
       Punch             |     1 |       ||     1
Throw: Boomerang         |     7 |       ||     7
  Use: Scroll            |     3 |     8 ||    11
       Potion            |     1 |     3 ||     4
Armor: Leather armour    |    14 |       ||    14
       Ring mail         |     3 |    32 ||    35
Dodge: Dodged            |    44 |    60 ||   104
Block: Buckler           |       |    18 ||    18

Table legend:
 A = Non-vault XP
 B = Vault XP
 C = Vault XP percentage of total XP
 D = Non-vault monster count
 E = Vault monster count
 F = Vault count percentage of total count
                 A         B        C        D         E       F
            +---------+---------+-------+---------+---------+-------
      Total |     225 |     226 |  50.1 |      45 |      78 |  63.4
            +---------+---------+-------+---------+---------+-------
        D:1 |      63 |       0 |   0.0 |      24 |       0 |   0.0
        D:2 |      14 |      25 |  64.1 |       8 |      13 |  61.9
        D:3 |      15 |     201 |  93.1 |      11 |      65 |  85.5
        D:4 |     133 |       0 |   0.0 |       2 |       0 |   0.0
            +---------+---------+-------+---------+---------+-------
